 Dungeon Crawl Stone Soup version 0.31-a0-691-g409c26aa35 (webtiles) character file.

Game seed: 583889911217993887

75 lunkers the Insei (level 4, -4/35 HPs)
             Began as a Meteoran Shapeshifter on Sept 6, 2023.
             Killed from afar by an orc wizard (8 damage)
             ... with a magic dart
             ... on level 3 of the Dungeon.
             The game lasted 00:01:18 (788 turns).

lunkers the Insei (Meteoran Shapeshifter)            Turns: 788, Time: 00:01:18

Health: -4/35      AC:  2    Str: 15    XL:     4   Next: 86%
Magic:  5/5        EV: 12    Int: 12    God:
Gold:   89         SH:  0    Dex: 15    Spells: 3/3 levels left

rFire   . .          .
                       - Unarmed
rCold   . . .        (no shield)
rNeg    . . .        a - +0 animal skin
rPois   .            (helmet currently unavailable)
rElec   .            (cloak currently unavailable)
rCorr   .            (gloves currently unavailable)
SInv    .            (boots currently unavailable)
Will    .....        (no amulet)
Stlth   +            (no ring)
HPRegen 0.25/turn    (no ring)
MPRegen 0.09/turn

%: no passive effects
@: beast-form, glowing
A: beast (slay +2), sense surroundings 1, otherworldly, glowing, explore regen
a: Begin Untransformation


You were on level 3 of the Dungeon.
You were a hulking beast.
You visited 1 branch of the dungeon, and saw 3 of its levels.

You collected 89 gold pieces.

Inventory:

Armour
 a - a +0 animal skin (worn)
 p - a +0 helmet
Talismans
 c - a beast talisman (active)
 d - a flux talisman
Scrolls
 g - a scroll of noise {unknown}
 h - a scroll of silence {unknown}
 j - 2 scrolls of identify {unknown}
 k - a scroll of teleportation {unknown}
 m - a scroll of vulnerability {unknown}
 n - a scroll of brand weapon {unknown}
 o - a scroll of immolation {unknown}
Potions
 b - a potion of lignification
 e - a potion of might {unknown}
 f - 2 potions of enlightenment {unknown}
 i - a potion of heal wounds {unknown}
 l - a potion of cancellation {unknown}


   Skills:
 - Level 1.1 Fighting
 - Level 2.1 Dodging
 * Level 5.3 Unarmed Combat
 + Level 4.4 Shapeshifting


You had 3 spell levels left.
You didn't know any spells.
Your spell library contained the following spells:

 Spells                   Type           Power      Damage    Failure   Level
 Blink                    Tloc           0%         N/A       45%         2
 Ozocubu's Armour         Ice            0%         N/A       69%         3
 Manifold Assault         Tloc           0%         N/A       97%         4
 Ozocubu's Refrigeration  Ice            0%         4d7       100%        7


Dungeon Overview and Level Annotations

Branches:
Dungeon (3/15) Zot: 1017

Altars:
Zin


Innate Abilities, Weirdness & Mutations

You are a hulking beast.
Your limbs bulge with bestial killing power. (Slay +2)
You passively map a small area around you.
You are easily found by Zot.
You glow in the dark.
You regain HP and MP as you explore.


Message History

There is an open door here.
You hit the orc but do no damage.
A rat comes into view.
The orc hits you with a +0 trident. The ball python bites you.
The ball python grabs you. The ball python constricts you.
You punch the ball python!
You kill the ball python!
You punch the orc!
You kill the orc!
The orc hits you with a +0 trident! The orc priest barely misses you.
You hit the orc.
You kill the orc!
The orc priest mumbles some strange prayers to Beogh against you.
Beogh smites you!
* * * LOW HITPOINT WARNING * * *
The orc hits you with a +0 dagger.
* * * LOW HITPOINT WARNING * * *
Okay, then.
Found a ring mail.
The orc priest hits you from afar with a +0 trident.
* * * LOW HITPOINT WARNING * * *
The orc hits you with a +0 dagger.
* * * LOW HITPOINT WARNING * * *
Items here: ) [ ††.
You hit the orc.
The orc is almost dead.
The orc priest hits you from afar with a +0 trident.
* * * LOW HITPOINT WARNING * * *
The orc wizard misses you. The orc hits you with a +0 dagger.
* * * LOW HITPOINT WARNING * * *
You closely miss the orc. You punch the orc.
You kill the orc!
Unknown command.
Unknown command.
The orc priest hits you with a +0 trident.
* * * LOW HITPOINT WARNING * * *
The rat closely misses you.
The orc wizard points at you and mumbles some strange words.
The magic dart hits you!
You die...

#...# ###### * , #...#
#.... , #...# #.... ,
###...# #... , , ,
..'...# #..######### *
###...### #..#........
..#.#...# #..#)....?..
#.#.#.#.# #..')......[ ,
#.#...#.#####..#ho######
#>.............#ro#
.....##........#..# , ,,
.....#######...#..# ,
.##.## ### #...#..# ,
.##.# ..# #...#..# , ,
....# #.# ##..#..#*
.#### #.# #..#...
.####+##<####..#,


You could see an orc priest, an orc wizard and a rat.

Vanquished Creatures
  Jessica (D:2)
  An adder (D:2)
  A dart slug (D:1)
  3 orcs (D:3)
  4 ball pythons
  6 endoplasms
  3 giant cockroaches
  A goblin (D:1)
  2 hobgoblins (D:1)
  2 jackals (D:2)
  2 quokkas
  3 bats
  A frilled lizard (D:2)
  A kobold (D:1)
  A rat (D:1)
32 creatures vanquished.

Notes
Turn   | Place    | Note
-------+----------+-------------------------------------------
     0 | D:1      | lunkers the Meteoran Shapeshifter began the quest for the
                  | Orb.
     0 | D:1      | Reached XP level 1. HP: 16/16 MP: 2/2
   122 | D:1      | Reached XP level 2. HP: 23/23 MP: 3/3
   128 | D:1      | Reached skill level 4 in Unarmed Combat
   410 | D:2      | Reached XP level 3. HP: 28/28 MP: 4/4
   415 | D:2      | Found a glowing silver altar of Zin.
   489 | D:2      | Noticed Jessica
   505 | D:2      | Killed Jessica
   506 | D:2      | Reached skill level 5 in Unarmed Combat
   506 | D:2      | Reached XP level 4. HP: 12/35 MP: 5/5
   788 | D:3      | Killed from afar by an orc wizard

Illustrated notes

Levels and vault maps discovered:
D:1:      grunt_arrival_crossed_arrows, layout_loops_ring, minmay_tiny_reverse_x
D:2:      layout_loops_ring, basic_altar, bh_walls_and_bars, uniq_jessica
D:3:      layout_basic, gup_sewer_entry_bowl, uniq_natasha

Skill      XL: |  1  2  3 |
---------------+----------+-----
Unarmed Combat | 4 5 |  5.3
Shapeshifting  | 4 |  4.4
Fighting       | |  1.1
Dodging        | |  2.1

Action                     |  1- 3 |  4- 6 || total
---------------------------+-------+-------++-------
  Melee: Unarmed           |    47 |    25 ||    72
         Punch             |     2 |     1 ||     3
   Stab: Sleeping          |       |     1 ||     1
 Armour: Animal skin       |    15 |    24 ||    39
  Dodge: Dodged            |    16 |    18 ||    34

Table legend: (Time is in decaauts)
 A = Elapsed time spent in this place.
 B = Non-inter-level travel time spent in this place.
 C = Inter-level travel time spent in this place.
 D = Time resting spent in this place.
 E = Time spent auto-exploring this place.
 F = Levels seen in this place.
 G = Mean time per level.
                   A        B        C        D        E       F      G
               +--------+--------+--------+--------+--------+-----+--------+
         Total |    781 |    675 |    106 |      0 |    496 |   3 |  260.3 |
       Dungeon |    781 |    675 |    106 |      0 |    496 |   3 |  260.3 |
               +--------+--------+--------+--------+--------+-----+--------+

Top non-repeatable levels by time:
     D:1: 373 daAuts
     D:2: 279 daAuts
     D:3: 128 daAuts
